 Dungeon Crawl Stone Soup version 0.31-a0-180-g519b7de00c (webtiles) character file.

Game seed: 15147520658138994703

164 qw the Shooter (level 5, -1/49 HPs)
             Began as a Naga Hunter on June 19, 2023.
             Killed by nerve-wracking pain
             ... invoked by Grinder
              (7 damage)
             ... on level 3 of the Dungeon.
             The game lasted 00:00:38 (2052 turns).

qw the Shooter (Naga Hunter)                        Turns: 2052, Time: 00:00:38

Health: -1/49      AC:  4    Str: 13    XL:     5   Next: 45%
Magic:  5/5        EV:  9    Int: 10    God:
Gold:   86         SH:  0    Dex: 16    Spells: 4/4 levels left

rFire   . . .        Y - +0 shortbow
rCold   . . .        (shield currently unavailable)
rNeg    . . .        c - +0 leather armour
rPois   +            (helmet restricted)
rElec   .            h - +0 cloak
rCorr   .            (no gloves)
SInv    +            (no barding)
Will    .....        (no amulet)
Stlth   ++           (no ring)
HPRegen 0.28/turn    (no ring)
MPRegen 0.09/turn

%: no passive effects
@: about to teleport, very slow
A: AC +1, large, see invisible, deformed body, poison resistance, slowness 2,
spit poison 1, naga tail 1, horns 1, screaming 1
a: Spit Poison


You were on level 3 of the Dungeon.
You visited 1 branch of the dungeon, and saw 3 of its levels.

You collected 86 gold pieces.


Innate Abilities, Weirdness & Mutations

Your serpentine skin is tough. (AC +1)
You have supernaturally acute eyesight. (SInv)
Armour fits poorly on your strangely shaped body.
Your system is resistant to poisons. (rPois)
You cover ground very slowly.
You can spit poison.
You have a snake-like lower body.
You have a pair of small horns on your head.
You occasionally shout uncontrollably at your foes.


   Skills:
 - Level 3.0 Fighting
 + Level 5.5 Ranged Weapons
 - Level 1.5 Dodging
 - Level 1.5 Stealth


You had 4 spell levels left.
You didn't know any spells.
Your spell library was empty.

Inventory:

Hand Weapons
 Y - a +0 shortbow (weapon)
Armour
 c - a +0 leather armour (worn)
 h - a +0 cloak (worn)
Scrolls
 b - a scroll of identify
Potions
 a - a potion of degeneration {unknown}
 d - 2 potions of mutation
 e - 2 potions of lignification {unknown}
 g - 2 potions of curing {unknown}
 i - a potion of heal wounds {unknown}
 j - a potion of attraction {unknown}

Dungeon Overview and Level Annotations

Branches:
Dungeon (3/15)

Altars:
Dithmenos

Shops:
D:2 !

Annotations:
D:3 Grinder


Message History

You shoot an arrow. The arrow hits Grinder.
Grinder is lightly wounded.
You shoot an arrow.
The arrow hits Grinder but does no damage.
Grinder is lightly wounded.
You have got your breath back.
Grinder gestures at you. You resist with some effort.
You shoot an arrow. The arrow hits Grinder.
Grinder is lightly wounded.
Grinder barely misses you.
You shoot an arrow. The arrow hits Grinder.
Grinder is lightly wounded.
Grinder hits you but does no damage. x2
You shoot an arrow. The arrow hits Grinder.
Grinder is moderately wounded.
Grinder hits you.
You writhe in agony.
You shoot an arrow. The arrow hits Grinder.
Grinder is moderately wounded.
Grinder barely misses you.
You shoot an arrow. The arrow barely misses Grinder.
Grinder hits you.
You shoot an arrow. The arrow hits Grinder.
Grinder is heavily wounded.
Grinder hits you!
You writhe in agony.
You shoot an arrow. The arrow barely misses Grinder.
Grinder gestures at you. Pain shoots through your body! Grinder hits you.
You writhe in agony.
2050 ||| READING scroll of teleportation.
As you read the scroll of teleportation, it crumbles to dust.
You feel strangely unstable. Grinder hits you.
You shoot an arrow. The arrow hits Grinder!
Grinder is severely wounded.
Grinder closely misses you.
You shoot an arrow. The arrow hits Grinder.
Grinder is severely wounded.
Grinder gestures at you. Pain shoots through your body!
You die...

###..#
#.##########.##
###..#
#<...#........#
#....#
#.#.##.########
..##.# #...##.#
#....# ######.#
.##### ..#.#
#.. #.#.# ..##
#######:#.#
#...
.......@5.#
..#...
....###.###
#.+... . #%. .
.. ####


You could see Grinder.

Vanquished Creatures
  Jessica (D:2)
  Natasha (twice) (D:2)
  4 adders (D:2)
  2 dart slugs
  4 orcs (D:3)
  5 ball pythons
  5 bats
  3 endoplasms
  2 giant cockroaches (D:1)
  2 goblins
  2 hobgoblins (D:1)
  3 jackals (D:1)
  2 quokkas (D:1)
  4 frilled lizards
  2 kobolds (D:1)
  4 rats
47 creatures vanquished.

Notes
Turn   | Place    | Note
-------+----------+-------------------------------------------
     0 | D:1      | qw the Naga Hunter began the quest for the Orb.
     0 | D:1      | Reached XP level 1. HP: 19/19 MP: 1/1
     0 | D:1      | 0 ||| qw: Version: 0.3-a-7-ge0c9b40
     0 | D:1      | 0 ||| qw: Game counter: 948
     0 | D:1      | 0 ||| qw: Always use a shield: true
     0 | D:1      | 0 ||| qw: God list: Okawaru
     0 | D:1      | 0 ||| qw: Allow faded altars: false
     0 | D:1      | 0 ||| qw: Do Orc after D:15 true
     0 | D:1      | 0 ||| qw: Do second Lair branch before Depths: true
     0 | D:1      | 0 ||| qw: Lair rune preference: random
     0 | D:1      | 0 ||| qw: Plans: Normal
     0 | D:1      | 0 ||| PLANNING D:1-11
    33 | D:1      | 33 ||| INVOKING Spit Poison.
    65 | D:1      | 65 ||| INVOKING Spit Poison.
    68 | D:1      | 68 ||| INVOKING Spit Poison.
    72 | D:1      | 72 ||| INVOKING Spit Poison.
   100 | D:1      | Reached skill level 4 in Ranged Weapons
   100 | D:1      | Reached XP level 2. HP: 26/26 MP: 2/2
   121 | D:1      | 121 ||| INVOKING Spit Poison.
   125 | D:1      | 125 ||| INVOKING Spit Poison.
   131 | D:1      | 131 ||| INVOKING Spit Poison.
   136 | D:1      | 136 ||| INVOKING Spit Poison.
   182 | D:1      | 182 ||| INVOKING Spit Poison.
   260 | D:1      | 260 ||| INVOKING Spit Poison.
   333 | D:1      | 333 ||| INVOKING Spit Poison.
   337 | D:1      | 337 ||| INVOKING Spit Poison.
   342 | D:1      | 342 ||| INVOKING Spit Poison.
   405 | D:1      | Reached XP level 3. HP: 32/32 MP: 3/3
   421 | D:1      | 421 ||| INVOKING Spit Poison.
   444 | D:1      | 444 ||| INVOKING Spit Poison.
   459 | D:1      | Found a faded altar of an unknown god.
   764 | D:1      | 764 ||| INVOKING Spit Poison.
  1094 | D:1      | 1094 ||| READING scroll labelled HESUIH PYNWU.
  1095 | D:1      | 1095 ||| READING scroll labelled YLEDGH VAQEEXTE.
  1096 | D:1      | 1096 ||| DRINKING 2 metallic clear potions.
  1096 | D:1      | Gained mutation: You have a pair of small horns on your
                  | head. [potion of mutation]
  1096 | D:1      | Gained mutation: You occasionally shout uncontrollably at
                  | your foes. [potion of mutation]
  1097 | D:1      | 1097 ||| DROPPING scroll of butterflies.
  1153 | D:2      | 1153 ||| INVOKING Spit Poison.
  1157 | D:2      | 1157 ||| INVOKING Spit Poison.
  1178 | D:2      | Found Seegiw's Distillery.
  1183 | D:2      | 1183 ||| SHOPLISTING 2 potions of heal wounds (130 gold,
                  | have 64).
  1183 | D:2      | 1183 ||| SHOPLISTING potion of enlightenment (65 gold, have
                  | 64).
  1183 | D:2      | 1183 ||| SHOPLISTING potion of haste (130 gold, have 64).
  1183 | D:2      | 1183 ||| SHOPLISTING potion of mutation (104 gold, have
                  | 64).
  1228 | D:2      | 1228 ||| INVOKING Spit Poison.
  1229 | D:2      | 1229 ||| INVOKING Spit Poison.
  1264 | D:2      | Noticed Jessica
  1265 | D:2      | 1265 ||| INVOKING Spit Poison.
  1267 | D:2      | Killed Jessica
  1268 | D:2      | Reached skill level 5 in Ranged Weapons
  1268 | D:2      | Reached XP level 4. HP: 39/39 MP: 4/4
  1296 | D:2      | 1296 ||| INVOKING Spit Poison.
  1300 | D:2      | 1300 ||| INVOKING Spit Poison.
  1355 | D:2      | Noticed Natasha
  1356 | D:2      | 1356 ||| INVOKING Spit Poison.
  1361 | D:2      | 1361 ||| INVOKING Spit Poison.
  1361 | D:2      | Killed Natasha
  1362 | D:2      | Reached skill level 3 in Fighting
  1392 | D:2      | Noticed Natasha
  1393 | D:2      | 1393 ||| INVOKING Spit Poison.
  1399 | D:2      | 1399 ||| INVOKING Spit Poison.
  1402 | D:2      | Killed Natasha
  1403 | D:2      | Reached XP level 5. HP: 48/49 MP: 5/5
  1414 | D:2      | 1414 ||| INVOKING Spit Poison.
  1517 | D:2      | 1517 ||| INVOKING Spit Poison.
  1627 | D:2      | 1627 ||| INVOKING Spit Poison.
  1650 | D:2      | 1650 ||| UPGRADING to +0 cloak.
  1655 | D:2      | 1655 ||| READING 2 scrolls labelled APNIH NIEZYV.
  1705 | D:3      | 1705 ||| INVOKING Spit Poison.
  1813 | D:3      | 1813 ||| INVOKING Spit Poison.
  1829 | D:3      | Found a shadowy altar of Dithmenos.
  1906 | D:3      | 1906 ||| INVOKING Spit Poison.
  2035 | D:3      | Noticed Grinder
  2037 | D:3      | 2037 ||| INVOKING Spit Poison.
  2049 | D:3      | HP: 8/49 [Grinder (6)]
  2050 | D:3      | 2050 ||| READING scroll of teleportation.
  2052 | D:3      | Killed from afar by Grinder

Levels and vault maps discovered:
D:1:      saegor_arrival_fortress, layout_loops_ring,
          dilly_ecumenical_altar_fadedgnrine, fountainhead
D:2:      layout_basic, serial_shops, shop, dk_noncrumbling_2, uniq_natasha,
          uniq_jessica
D:3:      layout_basic, nicolae_overflow_hallway_of_the_gods,
          nrook_mini_backslash, hangedman_decor_lopped, uniq_grinder

Skill      XL: |  1  2  3  4 |
---------------+-------------+-----
Ranged Weapons | 4 5 |  5.5
Fighting       | 3 |  3.0
Dodging        | |  1.5
Stealth        | |  1.5

Action                     |  1- 3 |  4- 6 || total
---------------------------+-------+-------++-------
   Fire: Shortbow          |    51 |    53 ||   104
Ability: Spit Poison       |    20 |    13 ||    33
    Use: Scroll            |     2 |     2 ||     4
         Potion            |     1 |       ||     1
 Armour: Leather armour    |     3 |     2 ||     5
  Dodge: Dodged            |    18 |    11 ||    29

Table legend:
 A = Non-vault XP
 B = Vault XP
 C = Vault XP percentage of total XP
 D = Non-vault monster count
 E = Vault monster count
 F = Vault count percentage of total count
                 A         B        C        D         E       F
            +---------+---------+-------+---------+---------+-------
      Total |     163 |      72 |  30.6 |      45 |       2 |   4.3
            +---------+---------+-------+---------+---------+-------
        D:1 |      42 |       0 |   0.0 |      24 |       0 |   0.0
        D:2 |     101 |      72 |  41.6 |      12 |       2 |  14.3
        D:3 |      20 |       0 |   0.0 |       9 |       0 |   0.0
            +---------+---------+-------+---------+---------+-------
